 Dungeon Crawl Stone Soup version 0.16.1-29-g3e760ad (webtiles) character file.

101157 Yawgmoth the Earth Mage (level 16, -5/92 HPs)
             Began as a Gargoyle Earth Elementalist on June 11, 2015.
             Was a High Priest of Vehumet.
             Slain by a ghost moth (11 damage)
             ... summoned by a shadow trap
             ... triggered by a wolf spider
             ... on level 4 of the Spider Nest on June 12, 2015.
             The game lasted 07:07:33 (39356 turns).

Yawgmoth the Earth Mage (GrEE)                     Turns: 39356, Time: 07:07:33

Health: -5/92      AC: 21    Str: 15 (16) XL:     16   Next: 29%
Magic:  1/36       EV: 12    Int: 21      God:    Vehumet [*****.]
Gold:   1569       SH:  0    Dex: 10      Spells: 9 memorised, 6 levels left

rFire  . . .     SeeInvis .     l - staff of earth {FUCK YEAH}
rCold  + . .     Clarity  +     J - +2 robe of Gallantry {rC+ Regen+ Str+2 Int-3 Stlth+}
rNeg   + . .     SustAb   .     (no shield)
rPois  ∞         Gourm    .     v - +1 helmet {Int+3}
rElec  +         Spirit   .     c - +2 cloak {+Inv}
rCorr  .         Warding  .     p - +0 pair of gloves {000}
rMut   .         Stasis   .     (no boots)
MR     +++..                    X - amulet of clarity
Stlth  +++.......               Y - ring of protection from magic
                                G - ring of protection from magic

@: about to teleport, very slightly contaminated, extremely resistant to hostile
enchantments, fairly stealthy
A: able to fly continuously, big wings, negative energy resistance 1,
electricity resistance, unbreathing, petrification resistance, rot immunity, AC
+11
a: Fly, Renounce Religion, Evoke Invisibility


You were on level 4 of the Spider Nest.
You worshipped Vehumet.
Vehumet was extremely pleased with you.
You were not hungry.

You visited 5 branches of the dungeon, and saw 28 of its levels.
You also visited: Ice Cave.

You collected 2360 gold pieces.
You spent 791 gold pieces at shops.

Inventory:

Armour
 c - a +2 cloak of invisibility (worn)
 p - a +0 pair of gloves (worn) {000}
 v - a +1 helmet of intelligence (worn)
 J - the +2 robe of Gallantry (worn) {rC+ Regen+ Str+2 Int-3 Stlth+}
   (You found it on level 6 of the Dungeon)

   It affects your strength (+2).
   It affects your intelligence (-3).
   It protects you from cold.
   It increases your rate of regeneration.
   It makes you more stealthy.
Magical staves
 l - an uncursed staff of earth (weapon) {FUCK YEAH}
 C - an uncursed staff of conjuration {FUCK YEAH 2.0}
Jewellery
 i - an uncursed ring of sustain abilities
 r - an uncursed ring of magical power
 x - an uncursed ring of protection from fire
 G - a ring of protection from magic (left hand)
 S - an uncursed ring of protection from fire
 U - a +6 ring of protection
 V - an uncursed amulet of resist mutation
 W - the ring "Pneuku" {+cTele +Blink rF- Str+5 Dex+3 Stlth-}
   (You took it off a wight on level 8 of the Dungeon)

   [ring of teleport control]

   It can be evoked for teleport control.
   It affects your strength (+5).
   It affects your dexterity (+3).
   It makes you vulnerable to fire.
   It lets you blink.
   It makes you less stealthy.
 X - an amulet of clarity (around neck)
 Y - a ring of protection from magic (right hand)
Magical devices
 O - a wand of disintegration (9)
Scrolls
 e - 3 scrolls of enchant armour
 n - 6 scrolls of teleportation
 o - 7 scrolls of identify
 q - 4 scrolls of fear
 y - 2 scrolls of recharging
 D - 3 scrolls of magic mapping
 I - a scroll of torment
 L - a scroll of brand weapon
 Q - 9 scrolls of remove curse
 R - 2 scrolls of amnesia
Potions
 g - 2 potions of flight {unknown}
 h - 9 potions of curing
 k - a potion of beneficial mutation {unknown}
 m - a potion of degeneration {unknown}
 s - 2 potions of heal wounds {unknown}
 t - a potion of cure mutation {unknown}
 A - 4 potions of restore abilities
 E - 3 potions of resistance
 K - a potion of brilliance {unknown}
 M - a potion of might {unknown}
 P - a potion of haste {unknown}
Books
 d - a book of Geomancy

   Spells                             Type                      Level
   a - Sandblast                      Earth                        1
   b - Stoneskin                      Transmutation/Earth          2
   c - Passwall                       Transmutation/Earth          3
   d - Stone Arrow                    Conjuration/Earth            3
   e - Petrify                        Transmutation/Earth          4
   f - Lee's Rapid Deconstruction     Earth                        5
 f - a book of Annihilations

   Spells                             Type                      Level
   a - Poison Arrow                   Conjuration/Poison           6
   b - Chain Lightning                Conjuration/Air              8
   c - Lehudib's Crystal Spear        Conjuration/Earth            8
   d - Glaciate                       Conjuration/Ice              9
   e - Fire Storm                     Conjuration/Fire             9
 j - a book of Conjurations

   Spells                             Type                      Level
   a - Magic Dart                     Conjuration                  1
   b - Searing Ray                    Conjuration                  2
   c - Dazzling Spray                 Conjuration/Hexes            3
   d - Fulminant Prism                Conjuration/Hexes            4
   e - Iskenderun's Mystic Blast      Conjuration                  4
   f - Iskenderun's Battlesphere      Conjuration/Charms           5
 u - a book of the Earth

   Spells                             Type                      Level
   a - Leda's Liquefaction            Hexes/Earth                  4
   b - Bolt of Magma                  Conjuration/Fire/Earth       5
   c - Statue Form                    Transmutation/Earth          6
   d - Iron Shot                      Conjuration/Earth            6
   e - Shatter                        Earth                        9
Miscellaneous
 N - a phantom mirror
Comestibles
 a - 4 bread rations
 b - 3 fruits
 z - 4 meat rations
 B - 3 beef jerkies
 F - 11 royal jellies
 H - 5 slices of pizza
 Z - 2 chunks of flesh


   Skills:
 - Level 7.0 Fighting
 - Level 6.6 Staves
 - Level 1.7 Dodging
 - Level 2.1 Stealth
 - Level 13.1 Spellcasting
 - Level 14.4 Conjurations
 - Level 0.7 Transmutations
 * Level 19.1 Earth Magic
 + Level 8.4 Evocations


You had 6 spell levels left.
You knew the following spells:

 Your Spells              Type           Power        Failure   Level  Hunger
a - Sandblast             Erth           ######       0%          1    None
b - Stone Arrow           Conj/Erth      ######       0%          3    None
c - Lee's Rapid Deconstr  Erth           #######...   1%          5    ####...
d - Stoneskin             Trmt/Erth      ######..     1%          2    None
e - Lehudib's Crystal Sp  Conj/Erth      #######...   10%         8    #######
f - Petrify               Trmt/Erth      ######..     1%          4    None
g - Iron Shot             Conj/Erth      #######...   1%          6    #####..
h - Iskenderun's Battles  Conj/Chrm      #####...     2%          5    ####...
i - Apportation           Tloc           ##........   6%          1    None


Dungeon Overview and Level Annotations

Branches:
Dungeon (11/15)            Temple (0/1) D:7            Lair (8/8) D:10
 Shoals (0/5) Lair:3       Spider (4/5) Lair:5          Orc (4/4) D:11
    Elf (1/3) Orc:3
  Slime: Lair:6-8

Altars:
Ashenzari
Dithmenos
Elyvilon
Gozag
Makhleb
Sif Muna
Trog
Vehumet
Xom
The Shining One
Beogh

Shops:
D:6 }   D:10 (   D:11 =   Orc:1 }   Orc:3 (   Orc:4 *[*!

Annotations:
D:6 1 runed door
Lair:8 exclusion: 2 oklob plants


Innate Abilities, Weirdness & Mutations

You are resistant to torment.
You are immune to poison.
You can fly continuously.
Your stone body is very resilient (AC +11).
Your wings are large and strong.
You resist negative energy.
You are resistant to electric shocks.
You can survive without breathing.
You are immune to petrification.
You are immune to rotting.


Message History

* * * LOW HITPOINT WARNING * * *
The wolf spider bites you!
* * * LOW HITPOINT WARNING * * *
You feel you are being watched by something.
Something barely misses you. Something hits you but does no damage.
Deactivating autopickup; reactivate with Ctrl-A.
Something stings you but does no damage.
You feel you are being watched by something.
The wolf spider hits you but does no damage.
The wolf spider bites you.
* * * LOW HITPOINT WARNING * * *
You feel you are being watched by something.
Something hits you but does no damage. x2
Something stings you but does no damage.
Drink which item? (? for menu, Esc to quit)
You feel better. The wolf spider hits you!
* * * LOW HITPOINT WARNING * * *
The wolf spider bites you but does no damage.
Something hits you!
You die...

..^.....^#^<..>
....##^..#..#######
.....#^......^...^..
.....##.....^.........
......#................
..#..####.....#≈......
.^#..^^.####†..### ..
#####...........^##.
#.....#######.s@#≈
#.)...#.^#..#≈##≈#
#...#....#....#..#
##^#.##.^##....#.####
#..#..#.....^###....#
^..##.#([###≈......≈#
....≈##...<.###.^#.≈#
^#....#...^...#..##.#
.#....#...##..#..##≈#


You could see a wolf spider.

Vanquished Creatures
  An acid blob (Lair:8)
  Rupert (Spider:4)
  An emperor scorpion (Spider:1)
  The ghost of Vojta the Cleaver, a powerful DDHu of Makhleb (D:11)
  Fannar (D:11)
  Harold (Lair:7)
  5 hydras
  14 death yaks
  3 ice statues (IceCv)
  A necromancer (Spider:2)
  4 hill giants
  12 wolf spider zombies (Spider:2)
  A cyclops (D:11)
  2 orc knights (Orc:4)
  5 orb spiders
  An orc sorcerer (Orc:2)
  2 hornets
  13 wolf spiders
  A moth of wrath (Spider:3)
  3 griffons
  6 black mambas
  6 elephants
  31 spiny frogs
  A torpor snail (Spider:4)
  A centaur skeleton (D:11)
  A gargoyle (D:11)
  Psyche (Orc:2)
  3 komodo dragons
  4 demonic crawlers
  A fire drake (Lair:4)
  5 trolls
  3 giant leeches (Lair:8)
  5 jumping spiders
  A deep elf priest (Elf:1)
  A polar bear (Lair:3)
  2 two-headed ogres
  31 blink frogs
  6 tarantella zombies (Spider:2)
  7 tarantellas
  9 trapdoor spiders
  20 redbacks
  4 hungry ghosts
  3 deep elf magi
  Eustachio (Orc:2)
  2 wyverns
  38 yaks
  2 deep elf fighters (Elf:1)
  7 vampire mosquitoes (Lair:8)
  8 hippogriffs
  A warg (Orc:1)
  8 wolves (Lair:7)
  14 water moccasins
  35 orc warriors
  A sky beast (D:11)
  8 phantoms
  25 spiders
  A swamp drake (Orc:2)
  12 porcupines
  16 ice beasts
  11 centaurs
  10 ogres
  3 big kobolds
  2 boring beetles (D:10)
  Sigmund (D:4)
  31 giant frogs
  A gnoll sergeant (D:7)
  12 crocodiles
  7 spider zombies (Spider:2)
  4 scorpions
  2 troll zombies (D:11)
  10 wights
  12 killer bees
  7 electric eels
  A quasit (D:10)
  A goliath beetle (D:8)
  12 crimson imps
  8 hounds
  4 jellies
  23 orc priests
  2 giant frog skeletons
  An iron imp (Orc:2)
  8 iguanas
  35 orc wizards
  14 sheep
  6 worker ants
  2 killer bee zombies
  4 ogre zombies (D:11)
  A hound skeleton (D:4)
  2 hound zombies
  10 gnolls
  18 adders
  52 river rats
  5 shadow imps
  3 white imps
  A worm (D:2)
  2 adder zombies
  5 giant geckos
  5 oozes (D:8)
  199 orcs
  2 ball pythons
  3 bat skeletons
  7 giant cockroaches
  25 goblins
  22 hobgoblins
  14 jackals
  10 quokkas
  9 bats
  2 giant gecko skeletons
  6 giant newts
  A goblin skeleton (D:11)
  4 hobgoblin skeletons (D:11)
  3 hobgoblin zombies (D:11)
  A jackal zombie (D:5)
  38 kobolds
  9 orc zombies (D:11)
  20 rats
  6 ballistomycetes (D:8)
  6 fungi
  9 plants
1138 creatures vanquished.

Vanquished Creatures (others)
  A blink frog (Lair:8)
  An orc (Orc:2)
  A quokka (D:7)
  2 giant spores (D:8)
  A quokka skeleton (D:8)
  A ballistomycete (D:8)
  24 fungi
  5 plants
36 creatures vanquished.

Grand Total: 1174 creatures vanquished

Notes
Turn   | Place    | Note
--------------------------------------------------------------
     0 | D:1      | Yawgmoth, the Gargoyle Earth Elementalist, began the quest for the Orb.
     0 | D:1      | Reached XP level 1. HP: 10/10 MP: 3/3
   487 | D:1      | Reached XP level 2. HP: 9/15 MP: 0/4
   931 | D:1      | Reached skill level 4 in Earth Magic
  1320 | D:1      | Reached XP level 3. HP: 19/19 MP: 4/6
  2067 | D:2      | Found an opulent altar of Gozag.
  2628 | D:2      | Reached XP level 4. HP: 17/24 MP: 0/9
  3365 | D:3      | Reached skill level 5 in Earth Magic
  3908 | D:3      | Reached XP level 5. HP: 28/28 MP: 6/11
  4347 | D:3      | Found a radiant altar of Vehumet.
  4348 | D:3      | Found a shimmering altar of Xom.
  4352 | D:3      | Found a burning altar of Makhleb.
  4378 | D:3      | Became a worshipper of Vehumet
  4615 | D:3      | Found a bloodstained altar of Trog.
  4780 | D:4      | Reached skill level 6 in Earth Magic
  4780 | D:4      | Reached XP level 6. HP: 20/32 MP: 4/15
  4953 | D:4      | Noticed Sigmund
  4970 | D:4      | Killed Sigmund
  5033 | D:4      | Noticed an ogre
  5050 | D:4      | Killed an ogre
  5050 | D:4      | Reached skill level 5 in Spellcasting
  5050 | D:4      | Reached XP level 7. HP: 14/36 MP: 13/18
  5280 | D:4      | Noticed a phantom
  5291 | D:4      | Killed a phantom
  5291 | D:4      | Reached skill level 7 in Earth Magic
  5340 | D:4      | Acquired Vehumet's first power
  5340 | D:4      | Offered knowledge of Flame Tongue by Vehumet.
  5345 | D:4      | Learned a level 3 spell: Stone Arrow
  5444 | D:4      | Learned a level 5 spell: Lee's Rapid Deconstruction
  5635 | D:4      | Found a shadowy altar of Dithmenos.
  5948 | D:5      | Entered Level 5 of the Dungeon
  5993 | D:5      | Reached skill level 1 in Conjurations
  6464 | D:5      | Noticed a hungry ghost
  6473 | D:5      | Killed a hungry ghost
  6473 | D:5      | Reached XP level 8. HP: 41/41 MP: 15/21
  6674 | D:5      | Reached skill level 8 in Earth Magic
  6678 | D:5      | Offered knowledge of Throw Frost by Vehumet.
  7205 | D:5      | Learned a level 2 spell: Stoneskin
  7362 | D:6      | Found a white marble altar of Elyvilon.
  7362 | D:6      | Noticed an angel
  7363 | D:6      | Found a runed door.
  7612 | D:6      | Found Ogyilu's Gadget Boutique.
  7659 | D:6      | Got a colourful robe
  7661 | D:6      | Identified the +2 robe of Gallantry {rC+ Regen+ Str+2 Int-3 Stlth+} (You found it on level 6 of the Dungeon)
  7848 | D:6      | Found a glowing golden altar of the Shining One.
  7863 | D:6      | Reached skill level 5 in Conjurations
  7864 | D:6      | Reached skill level 9 in Earth Magic
  8052 | D:6      | Reached XP level 9. HP: 45/45 MP: 23/23
  8115 | D:7      | Offered knowledge of Searing Ray by Vehumet.
  8138 | D:7      | Learned a level 2 spell: Searing Ray
  8182 | D:7      | Found a staircase to the Ecumenical Temple.
  8277 | D:7      | Acquired Vehumet's second power
  8505 | D:7      | Found a white marble altar of Elyvilon.
  8760 | D:7      | Learned a level 4 spell: Petrify
  8967 | D:7      | Reached skill level 10 in Earth Magic
  9312 | D:8      | Offered knowledge of Iskenderun's Mystic Blast by Vehumet.
  9873 | D:8      | Reached XP level 10. HP: 35/50 MP: 21/26
  9917 | D:8      | Acquired Vehumet's third power
  9944 | D:8      | Got a transparent ivory ring
  9954 | D:8      | Offered knowledge of Force Lance by Vehumet.
 10347 | D:8      | Reached skill level 11 in Earth Magic
 10777 | D:9      | Found a shattered altar of Ashenzari.
 11884 | D:10     | Entered Level 10 of the Dungeon
 11945 | D:10     | Identified the ring "Pneuku" {+cTele +Blink rF- Str+5 Dex+3 Stlth-} (You took it off a wight on level 8 of the Dungeon)
 12102 | D:10     | Offered knowledge of Iron Shot by Vehumet.
 12111 | D:10     | Learned a level 6 spell: Iron Shot
 12117 | D:10     | Noticed a hill giant
 12125 | D:10     | Killed a hill giant
 12307 | D:10     | Noticed a hill giant
 12311 | D:10     | Killed a hill giant
 12311 | D:10     | Reached skill level 12 in Earth Magic
 12415 | D:10     | Found Ovisulol's Weapon Boutique.
 12417 | D:10     | Reached XP level 11. HP: 54/54 MP: 29/29
 12428 | D:10     | Bought 21 stones for 29 gold pieces
 12657 | D:10     | Noticed a hill giant
 12663 | D:10     | Killed a hill giant
 12755 | D:10     | Found a staircase to the Lair.
 13071 | D:10     | Found a glowing golden altar of the Shining One.
 13289 | Lair:1   | Entered Level 1 of the Lair of Beasts
 13289 | Lair:1   | Found a frozen archway.
 13435 | IceCv    | Entered an ice cave
 13538 | IceCv    | Noticed an ice statue
 13538 | IceCv    | Noticed an ice statue
 13538 | IceCv    | Noticed an ice statue
 13541 | IceCv    | Killed an ice statue
 13541 | IceCv    | Reached skill level 10 in Spellcasting
 13541 | IceCv    | Reached skill level 10 in Conjurations
 13610 | IceCv    | Killed an ice statue
 13631 | IceCv    | Killed an ice statue
 13910 | Lair:1   | Reached skill level 13 in Earth Magic
 14181 | Lair:1   | You fall through a shaft!
 14434 | Lair:2   | Reached skill level 1 in Fighting
 14574 | Lair:2   | Reached skill level 1 in Staves
 14937 | Lair:2   | Reached XP level 12. HP: 45/64 MP: 8/30
 16767 | Lair:3   | Offered knowledge of Throw Icicle by Vehumet.
 17327 | Lair:3   | Found a staircase to the Shoals.
 18167 | Lair:4   | You fall through a shaft for 3 floors!
 18343 | Lair:7   | Noticed a six-headed hydra
 18344 | Lair:7   | Reached skill level 5 in Fighting
 18347 | Lair:7   | Noticed Harold
 18360 | Lair:7   | Killed a six-headed hydra
 18360 | Lair:7   | Reached skill level 14 in Earth Magic
 18372 | Lair:7   | Killed Harold
 18372 | Lair:7   | Reached skill level 5 in Staves
 18752 | Lair:7   | Reached XP level 13. HP: 66/73 MP: 10/32
 19673 | Lair:5   | Offered knowledge of Bolt of Draining by Vehumet.
 19851 | Lair:4   | Learned a level 5 spell: Iskenderun's Battlesphere
 19865 | Lair:4   | Got an encrusted war axe
 19866 | Lair:4   | Identified the +3 war axe of Pyromania {elec, *Rage rPois rF+ Dex+2 SInv} (You found it on level 4 of the Lair of Beasts)
 21245 | Lair:5   | Found a hole to the Spider Nest.
 21750 | Lair:5   | Identified a scroll of acquirement
 21764 | Lair:5   | Learned a level 8 spell: Lehudib's Crystal Spear
 22466 | Lair:6   | Reached skill level 1 in Evocations
 22807 | Lair:5   | Reached skill level 15 in Earth Magic
 23404 | Lair:6   | Identified the Compendium of Bewitchment
 23595 | Lair:7   | Gained mutation: Your wings are large and strong. [gargoyle growth]
 23595 | Lair:7   | Reached XP level 14. HP: 82/82 MP: 29/33
 24039 | Lair:7   | Noticed a four-headed hydra
 24043 | Lair:7   | Killed a four-headed hydra
 24474 | Lair:8   | Entered Level 8 of the Lair of Beasts
 25958 | Lair:8   | Offered knowledge of Conjure Ball Lightning by Vehumet.
 26784 | Lair:8   | Noticed an acid blob
 26988 | Lair:7   | Reached skill level 5 in Evocations
 27447 | Lair:8   | Killed an acid blob
 27447 | Lair:8   | Reached skill level 16 in Earth Magic
 28763 | D:11     | Noticed Vojta's ghost (powerful DDHu)
 28768 | D:11     | Killed Vojta's ghost
 28768 | D:11     | Reached XP level 15. HP: 86/86 MP: 14/35
 29000 | D:11     | Noticed Fannar
 29005 | D:11     | Killed Fannar
 29351 | D:11     | Found Okhlis' Jewellery Shop.
 29367 | D:11     | Bought an uncursed ring of magical power for 320 gold pieces
 29515 | D:11     | Found a staircase to the Orcish Mines.
 29650 | D:11     | Learned a level 1 spell: Apportation
 30098 | Orc:1    | Entered Level 1 of the Orcish Mines
 30167 | Orc:1    | Found a roughly hewn altar of Beogh.
 30258 | Orc:1    | Offered knowledge of Spellforged Servitor by Vehumet.
 30537 | Orc:1    | Found Loatika's Gadget Shop.
 30854 | Orc:2    | Noticed Eustachio
 30856 | Orc:2    | Killed Eustachio
 31203 | Orc:2    | Offered knowledge of Orb of Destruction by Vehumet.
 31778 | Orc:2    | Noticed Psyche
 31780 | Orc:2    | Killed Psyche
 32059 | Orc:4    | Entered Level 4 of the Orcish Mines
 32609 | Orc:4    | Found a roughly hewn altar of Beogh.
 33092 | Orc:4    | Offered knowledge of Freezing Cloud by Vehumet.
 33093 | Orc:4    | Reached skill level 17 in Earth Magic
 33759 | Orc:4    | Found Kliaded's Assorted Antiques.
 33759 | Orc:4    | Found Tiacod's Antique Armour Emporium.
 33762 | Orc:4    | Found Shyi's Distillery.
 33762 | Orc:4    | Found Extiq's General Store.
 33883 | Orc:4    | Bought a sheer robe for 159 gold pieces
 33885 | Orc:4    | Bought a slice of pizza for 16 gold pieces
 33885 | Orc:4    | Bought a bread ration for 55 gold pieces
 33885 | Orc:4    | Bought a scroll of teleportation for 33 gold pieces
 33885 | Orc:4    | Bought 2 scrolls of identify for 44 gold pieces
 33890 | Orc:4    | Bought a potion of curing for 45 gold pieces
 33890 | Orc:4    | Bought a potion of curing for 45 gold pieces
 33890 | Orc:4    | Bought a potion of curing for 45 gold pieces
 33904 | Orc:4    | Identified the cursed -1 robe of Dithmenos' Anger {+Blink rF- MR+ rCorr Str+3} (You bought it in a shop on level 4 of the Orcish Mines)
 34118 | Orc:3    | Found Lestau's Weapon Boutique.
 34171 | Orc:3    | Found a deep blue altar of Sif Muna.
 34473 | Orc:3    | Found a staircase to the Elven Halls.
 34715 | Elf:1    | Entered Level 1 of the Elven Halls
 35221 | Spider:1 | Entered Level 1 of the Spider Nest
 36729 | Spider:2 | Reached skill level 18 in Earth Magic
 37059 | Spider:3 | Offered knowledge of Fire Storm by Vehumet.
 37059 | Spider:3 | Offered knowledge of Shatter by Vehumet.
 37059 | Spider:3 | Offered knowledge of Tornado by Vehumet.
 37120 | Spider:3 | Reached XP level 16. HP: 92/92 MP: 36/36
 38425 | Spider:4 | Noticed Rupert
 38428 | Spider:4 | Paralysed by Rupert for 5 turns
 38554 | Spider:4 | Killed Rupert
 38554 | Spider:4 | Reached skill level 19 in Earth Magic
 39356 | Spider:4 | Slain by a ghost moth

Action                   |  1- 3 |  4- 6 |  7- 9 | 10-12 | 13-15 | 16-18 || total
-------------------------+-------+-------+-------+-------+-------+-------++-------
Melee: Unarmed           |    12 |       |       |       |       |       ||    12
       Short sword       |    19 |    41 |       |     6 |       |       ||    66
       Club              |     2 |       |       |       |       |       ||     2
       Trident           |       |    10 |    15 |    23 |       |       ||    48
       Staff             |       |       |       |   136 |   370 |     8 ||   514
 Fire: Hunting sling     |     8 |       |       |       |       |       ||     8
 Cast: Sandblast         |    71 |   125 |   217 |   164 |     2 |       ||   579
       Lee's Rapid Decon |       |       |    19 |    64 |   152 |    11 ||   246
       Stoneskin         |       |       |     9 |    29 |    45 |     5 ||    88
       Stone Arrow       |       |       |    28 |   195 |   574 |    45 ||   842
       Iron Shot         |       |       |       |     4 |   145 |    33 ||   182
       Searing Ray       |       |       |       |     3 |       |       ||     3
       Petrify           |       |       |       |     2 |     8 |       ||    10
       Iskenderun's Batt |       |       |       |       |     1 |       ||     1
 Abil: Fly               |       |       |       |       |     1 |       ||     1
       Stop Flying       |       |       |       |       |     1 |       ||     1
  Use: Scroll            |     9 |     4 |     3 |     5 |    21 |     2 ||    44
       Potion            |       |     1 |       |     1 |     4 |     2 ||     8
 Stab: Sleeping          |       |       |       |     1 |     1 |       ||     2
       Distracted        |       |       |       |       |     1 |       ||     1
  Eat: Chunk             |     4 |     8 |    16 |    27 |    83 |    13 ||   151
       Beef jerky        |     1 |       |       |       |       |       ||     1
       Meat ration       |       |       |     1 |     1 |     3 |       ||     5
       Bread ration      |       |       |       |     3 |     6 |       ||     9
